 Dungeon Crawl Stone Soup version 0.31.0-9-g3a7656b989 (webtiles) character file.

Game seed: 2130623934300851494

128 qw the Skirmisher (level 4, 0/25 HPs)
             Began as a Deep Elf Hunter on Feb 2, 2024.
             Slain by Robin
             ... wielding a +0 whip
              (2 damage)
             ... on level 2 of the Dungeon.
             The game lasted 00:00:05 (1333 turns).

qw the Skirmisher (Deep Elf Hunter)                 Turns: 1333, Time: 00:00:06

Health: 0/25       AC:  5    Str: 10    XL:     4   Next: 87%
Magic:  6/6        EV: 11    Int: 14    God:
Gold:   82         SH:  0    Dex: 18    Spells: 3/3 levels left

rFire   . . .        a - +0 shortbow
rCold   . . .        (shield currently unavailable)
rNeg    . . .        i - +0 ring mail
rPois   .            (no helmet)
rElec   .            (no cloak)
rCorr   .            (no gloves)
SInv    .            (no boots)
Will    .....        (no amulet)
Stlth   +            (no ring)
HPRegen 0.24/turn    (no ring)
MPRegen 0.10/turn

%: no passive effects
@: no status effects
A: no striking features
a: no special abilities


You were on level 2 of the Dungeon.
You visited 1 branch of the dungeon, and saw 2 of its levels.

You collected 82 gold pieces.


   Skills:
 - Level 1.5 Fighting
 + Level 8.3 Ranged Weapons
 - Level 2.4 Dodging
 - Level 1.2 Stealth


You had 3 spell levels left.
You didn't know any spells.
Your spell library was empty.

Inventory:

Hand Weapons
 a - a +0 shortbow (weapon)
Armour
 i - a +0 ring mail (worn)
Jewellery
 d - an amulet of magic regeneration
Wands
 c - a wand of light (13)
Scrolls
 b - a scroll of enchant weapon {unknown}
Potions
 j - a potion of haste

Dungeon Overview and Level Annotations

Branches:
Dungeon (2/15)

Altars:
Qazlal

Shops:
D:1 [

Annotations:
D:2 Robin


Message History

Robin throws the goblin at you! The goblin hits you with a +0 dagger.
The goblin closely misses you.
You shoot an arrow. The arrow barely misses the goblin.
The goblin hits you but does no damage. The goblin hits you with a +0 dagger.
You shoot an arrow. The arrow closely misses the goblin.
Robin roars a battlecry!
The goblin hits you but does no damage. The goblin completely misses you.
You shoot an arrow. The arrow closely misses the goblin.
The goblin no longer looks unusually strong.
The goblin barely misses you. The goblin hits you with a +0 dagger.
The goblin barely misses you. x2
You shoot an arrow. The arrow hits the goblin.
You kill the goblin!
The hobgoblin no longer looks unusually strong.
The goblin hits you with a +0 dagger.
Robin says, "A pitiful Elf like you will never find the ORB!"
Robin throws the goblin at you!
You shoot an arrow. The arrow hits the goblin!
You kill the goblin!
The goblin closely misses you.
You shoot an arrow. The arrow hits the goblin.
You kill the goblin!
A hobgoblin comes into view.
You shoot an arrow. The arrow hits the quokka.
You kill the quokka!
You shoot an arrow. The arrow hits Robin.
Robin is moderately wounded.
The hobgoblin no longer looks unusually strong.
Robin hits you with a +0 whip.
A goblin comes into view. It is wielding a +0 club.
You shoot an arrow.
The arrow hits Robin but does no damage.
Robin is moderately wounded.
Robin closely misses you. Robin hits you with a +0 whip.
You shoot an arrow. The arrow closely misses Robin.
The arrow barely misses the hobgoblin.
The arrow hits the hobgoblin!
You kill the hobgoblin!
Robin hits you with a +0 whip.
You die...
Robin calls out, "Let's celebrate!
Time for a feast!"

#...... .......
####### .....
%_... %.. g%. #g#
#g# #@# #)# #%#
#.#
#.################
#.................
##################


You could see Robin, a hobgoblin and a goblin (strong).

Vanquished Creatures
  Terence (D:2)
  2 adders (D:2)
  4 dart slugs
  2 ribbon worms (D:2)
  5 endoplasms
  5 giant cockroaches
  12 goblins
  6 hobgoblins
  6 jackals
  5 kobolds
  3 quokkas
  4 ball pythons
  6 bats
  2 frilled lizards
  2 rats (D:1)
65 creatures vanquished.

Notes
Turn   | Place    | Note
-------+----------+-------------------------------------------
     0 | D:1      | qw the Deep Elf Hunter began the quest for the Orb.
     0 | D:1      | Reached XP level 1. HP: 12/12 MP: 3/3
     0 | D:1      | 0 ||| qw: Version: 0.3-a-155-g5e7d8dd
     0 | D:1      | 0 ||| qw: Game counter: 1641
     0 | D:1      | 0 ||| qw: Melee chars always use a shield: true
     0 | D:1      | 0 ||| qw: God list: Okawaru
     0 | D:1      | 0 ||| qw: Allow faded altars: false
     0 | D:1      | 0 ||| qw: Do Orc after clearing Dungeon:15 true
     0 | D:1      | 0 ||| qw: Do second Lair branch before Depths: true
     0 | D:1      | 0 ||| qw: Lair rune preference: random
     0 | D:1      | 0 ||| qw: Goals: Normal
     0 | D:1      | 0 ||| PLANNING D:1-11
    57 | D:1      | Reached XP level 2. HP: 16/16 MP: 4/4
    62 | D:1      | Reached skill level 6 in Ranged Weapons
   130 | D:1      | Found Mepull's Armour Shoppe.
   134 | D:1      | 134 ||| SHOPLISTING +0 cloak (45 gold, have 9).
   134 | D:1      | 134 ||| SHOPLISTING +0 pair of boots (45 gold, have 9).
   134 | D:1      | 134 ||| SHOPLISTING +0 pair of gloves (45 gold, have 9).
   134 | D:1      | 134 ||| SHOPLISTING +0 ring mail (40 gold, have 9).
   255 | D:1      | Reached XP level 3. HP: 20/20 MP: 5/5
   636 | D:1      | Reached skill level 7 in Ranged Weapons
   671 | D:1      | 671 ||| UPGRADING to +0 ring mail.
   681 | D:1      | 681 ||| DROPPING +0 leather armour.
   682 | D:1      | 682 ||| READING scroll labelled ILINWU QIBOA.
   683 | D:1      | 683 ||| READING 3 scrolls labelled HUXUPROSUPRE.
   683 | D:1      | 683 ||| IDENTIFYING ruby potion
   684 | D:1      | 684 ||| READING 2 scrolls of identify.
   684 | D:1      | 684 ||| IDENTIFYING silvery potion
   685 | D:1      | 685 ||| READING scroll of identify.
   685 | D:1      | 685 ||| IDENTIFYING scroll labelled HEHITS VUYKHLAGE
   686 | D:1      | 686 ||| READING scroll labelled QIXUIPHEDOK.
   691 | D:1      | 691 ||| DROPPING scroll of butterflies.
   692 | D:1      | 692 ||| DROPPING potion of invisibility.
   693 | D:1      | 693 ||| DROPPING scroll of poison.
   789 | D:2      | Noticed Terence
   797 | D:2      | Killed Terence
   798 | D:2      | Reached XP level 4. HP: 16/25 MP: 6/6
   984 | D:2      | Reached skill level 8 in Ranged Weapons
  1296 | D:2      | Found a stormy altar of Qazlal.
  1310 | D:2      | Noticed Robin
  1332 | D:2      | HP: 2/25 [Robin/+0 whip (5)]
  1333 | D:2      | Slain by Robin

Levels and vault maps discovered:
D:1:      dpeg_arrival_radiant, layout_basic, serial_shops,
          nicolae_shop_pleasant_corner_grove
D:2:      layout_basic, basic_altar, uniq_terence, uniq_robin

Skill      XL: |  1  2  3  4 |
---------------+-------------+-----
Ranged Weapons | 6 7 8 |  8.3
Fighting       | |  1.5
Dodging        | |  2.4
Stealth        | |  1.2

Action                     |  1- 3 |  4- 6 || total
---------------------------+-------+-------++-------
   Fire: Shortbow          |   116 |    79 ||   195
    Use: Scroll            |     5 |       ||     5
 Armour: Leather armour    |    14 |       ||    14
         Ring mail         |     8 |    33 ||    41
  Dodge: Dodged            |    24 |    36 ||    60

Table legend:
 A = Non-vault XP
 B = Vault XP
 C = Vault XP percentage of total XP
 D = Non-vault monster count
 E = Vault monster count
 F = Vault count percentage of total count
                 A         B        C        D         E       F
            +---------+---------+-------+---------+---------+-------
      Total |     135 |      51 |  27.4 |      56 |       9 |  13.8
            +---------+---------+-------+---------+---------+-------
        D:1 |      66 |       0 |   0.0 |      33 |       0 |   0.0
        D:2 |      69 |      51 |  42.5 |      23 |       9 |  28.1
            +---------+---------+-------+---------+---------+-------
